 Dungeon Crawl Stone Soup version 0.23-a0-46-g8441a8a (webtiles) character file.

42 BigChef the Skirmisher (level 3, 0/29 HPs)
             Began as a Demonspawn Berserker on Aug 5, 2018.
             Was a Follower of Trog.
             Slain by a kobold
             ... wielding a +0 short sword
              (3 damage)
             ... on level 2 of the Dungeon.
             The game lasted 00:03:20 (891 turns).

BigChef the Skirmisher (Demonspawn Berserker)        Turns: 891, Time: 00:03:21

Health: 0/29       AC:  3    Str: 18    XL:     3   Next: 35%
Magic:  2/2        EV: 10    Int:  8    God:    Trog [*.....]
Gold:   81         SH:  0    Dex: 12    Spells: 2/2 levels left

rFire    . . .     SeeInvis +   a - +0 falchion
rCold    + . .     Gourm    .   (no shield)
rNeg     . . .     Faith    .   i - +0 scale mail
rPois    .         Spirit   .   (no helmet)
rElec    .         Reflect  .   (no cloak)
rCorr    .         Harm     .   (no gloves)
MR       .....                  (no boots)
Stlth    ..........             (no amulet)
HPRegen  0.09/turn              g - ring of protection from cold
MPRegen  0.08/turn              (no ring)

@: no status effects
A: see invisible, deformed body, low mp 1, powered by death 1, rot immunity
a: Berserk, Renounce Religion


You were on level 2 of the Dungeon.
You worshipped Trog.
Trog was aware of your devotion.
You were not hungry.

You visited 1 branch of the dungeon, and saw 2 of its levels.

You collected 81 gold pieces.

Inventory:

Hand Weapons
 a - a +0 falchion (weapon)
Armour
 b - a +0 animal skin
 f - a +2 robe of resistance
 i - a +0 scale mail (worn)
Jewellery
 g - a ring of protection from cold (left hand)
Scrolls
 d - a scroll of identify {unknown}
Potions
 e - a potion of mutation
Comestibles
 c - a ration


   Skills:
 + Level 3.4 Fighting
 + Level 3.2 Long Blades
 + Level 1.9 Armour
 + Level 2.4 Dodging


You had 2 spell levels left.
You didn't know any spells.
Your spell library was empty.

Dungeon Overview and Level Annotations

Branches:
Dungeon (2/15)

Altars:


Innate Abilities, Weirdness & Mutations

You regenerate a little health from kills.
You are immune to rotting.
You have supernaturally acute eyesight. (SInv)
Armour fits poorly on your strangely shaped body.
Your magical capacity is low. (-10% MP)


Message History

The adder is heavily wounded.
The adder bites you but does no damage. The adder barely misses you.
The kobold hits you but does no damage.
You barely miss the adder.
The adder is heavily wounded.
The adder barely misses you. The kobold closely misses you.
You slash the adder!
You kill the adder!
Trog accepts your kill. The kobold barely misses you.
You riposte.
You closely miss the kobold. The kobold hits you with a short sword.
You barely miss the kobold. The kobold hits you with a short sword.
You barely miss the kobold. The kobold hits you with a short sword.
* * * LOW HITPOINT WARNING * * *
You closely miss the kobold. The kobold hits you with a short sword.
* * * LOW HITPOINT WARNING * * *
You hit the kobold.
The kobold is moderately wounded.
The kobold hits you with a short sword.
You die...

#..##.#.# #..##.#.#
#..##.#.# ##+##
#.....#.# ##...##
#..#..#.# ##<..†.##
#..#..#.# ##.......#
#..#....###.........
#..@......'.........
###K..(####.........
#.#.## ##.......#
#.### ##.....## #.#
##...## #.# ##+##
#.# #.#


You could see a kobold.

Vanquished Creatures
  An adder (D:2)
  A dart slug (D:2)
  A leopard gecko (D:1)
  3 ball pythons (D:1)
  3 bats (D:1)
  3 giant cockroaches (D:1)
  5 goblins (D:1)
  2 hobgoblins (D:1)
  2 kobolds (D:1)
  A frilled lizard (D:2)
  6 rats
28 creatures vanquished.

Notes
Turn   | Place    | Note
-------+----------+-------------------------------------------
     0 | D:1      | BigChef the Demonspawn Berserker began the quest for the Orb.
     0 | D:1      | Reached XP level 1. HP: 18/18 MP: 1/1
   291 | D:1      | Gained mutation: You are immune to rotting. [demonic ancestry]
   291 | D:1      | Reached XP level 2. HP: 22/24 MP: 2/2
   622 | D:1      | Reached ** piety under Trog
   645 | D:1      | Gained mutation: Your magical capacity is low. (-10% MP) [potion of mutation]
   645 | D:1      | Gained mutation: Armour fits poorly on your strangely shaped body. [potion of mutation]
   645 | D:1      | Gained mutation: You have supernaturally acute eyesight. (SInv) [potion of mutation]
   791 | D:1      | Gained mutation: You regenerate a little health from kills. [demonic ancestry]
   791 | D:1      | Reached XP level 3. HP: 28/29 MP: 2/2
   891 | D:2      | Slain by a kobold

Vault maps used:
D:1:      dpeg_arrival_stone_temple_mockup, minmay_tromino_i4
D:2:      kennysheep_generic_room_3

Skill      XL: |  1  2 |
---------------+-------+-----
Long Blades    | 3 |  3.2
Dodging        | 2 |  2.4
Fighting       | |  3.4
Armour         | |  1.9

Action                   || total
-------------------------++-------
Melee: Falchion          ||    94
  Use: Potion            ||     3
       Scroll            ||     1
Armor: Animal skin       ||    21
       Scale mail        ||    25
Dodge: Dodged            ||   100
       Rpst.: Falchion   ||    28

Table legend:
 A = Spawn XP
 B = Non-spawn XP
 C = Spawn XP percentage of total XP
 D = Spawn monster count
 E = Non-spawn monster count
 F = Spawn count percentage of total count
 G = Total turns spent on level
                    A         B        C        D         E        F      G
               +---------+---------+-------+---------+---------+-------+---------
         Total |       0 |      61 |   0.0 |       0 |      28 |   0.0 |   891
               +---------+---------+-------+---------+---------+-------+---------
           D:1 |       0 |      42 |   0.0 |       0 |      24 |   0.0 |   828
           D:2 |       0 |      19 |   0.0 |       0 |       4 |   0.0 |    63
               +---------+---------+-------+---------+---------+-------+---------
